SAAA
SUNSET DISTRICT FOG @ PAWNEE PARKSNREC
09/16/2028
 
TOP OF THE 1ST
Sunset District Fog batting - Pitching for Pawnee ParksNRec : RHP Wally Copeland
Pitching: RHP Wally Copeland
Batting: RHB Reginald Kalkman 0-0: Ball
1-0: Ball
2-0: Ball
3-0: Base on Balls
Batting: RHB Yehonatan Chazan 0-0: Fielders Choice at 2nd, 1-6 (Groundball, 13S)
Batting: LHB Armando Carmona 0-0: Called Strike
Yehonatan Chazan steals 2nd base
0-1: Called Strike
Yehonatan Chazan steals 3rd base
0-2: Foul Ball, location: 2F
0-2: Fly out, F7 (Flyball, 7S)
Runner from 3rd tags up, SCORES, throw made
Batting: RHB Alfonso Nazario 0-0: Fly out, F9 (Flyball, 9LSF)
Top of the 1st over - 1 run(s), 0 hit(s), 0 error(s), 0 left on base; Sunset District 1 - Pawnee 0
BOTTOM OF THE 1ST
Pawnee ParksNRec batting - Pitching for Sunset District Fog : RHP Rich Wright
Pitching: RHP Rich Wright
Batting: RHB Rubén Alvarado 0-0: Called Strike
0-1: Ball
1-1: Ball
2-1: Called Strike
2-2: Ball
3-2: SINGLE (Line Drive, 4MD)
Batting: RHB Britt Lynch 0-0: Ball
1-0: Ball
2-0: Foul Ball, location: 2F
2-1: Foul Ball, location: 2F
2-2: Strikes out swinging
Batting: RHB Brant Thigpen 0-0: Called Strike
0-1: Ball
1-1: Ball
2-1: Called Strike
2-2: Fly out, F8 (Flyball, 8LS)
Batting: SHB Júlio Camacho 0-0: Ball
1-0: Swinging Strike
1-1: TRIPLE (Line Drive, 8LD)
Rubén Alvarado scores
Batting: LHB Tom Benjamin 0-0: Foul Ball, location: 2F
0-1: Foul Ball, location: 2F
0-2: Strikes out swinging
Bottom of the 1st over - 1 run(s), 2 hit(s), 0 error(s), 1 left on base; Sunset District 1 - Pawnee 1
TOP OF THE 2ND
Sunset District Fog batting - Pitching for Pawnee ParksNRec : RHP Wally Copeland
Batting: LHB Enrique Vásquez 0-0: Ground out 3-1 (Groundball, 34)
Batting: RHB José Vargas 0-0: Foul Ball, location: 2F
0-1: Ball
1-1: Swinging Strike
1-2: Ball
2-2: Ball
3-2: Base on Balls
Batting: RHB Armando Rodríguez 0-0: SINGLE (Flyball, 89S)
José Vargas to second
Runner from 2nd tries for 3rd, SAFE, throw made to third
Batting: SHB Domingo Luna 0-0: Ball
1-0: Called Strike
Armando Rodríguez is caught stealing 2nd base
1-1: Foul Ball, location: 2F
1-2: Foul Ball, location: 2F
1-2: Ball
2-2: Ball
3-2: Ground out 5-3 (Groundball, 56S)
Top of the 2nd over - 0 run(s), 1 hit(s), 0 error(s), 1 left on base; Sunset District 1 - Pawnee 1
BOTTOM OF THE 2ND
Pawnee ParksNRec batting - Pitching for Sunset District Fog : RHP Rich Wright
Batting: SHB Vicente Pueblo 0-0: Ball
1-0: Ball
2-0: Called Strike
2-1: Ball
3-1: Called Strike
3-2: Base on Balls
Batting: RHB Iván Rodríguez 0-0: Ball
1-0: Swinging Strike
1-1: Foul Ball, location: 2F
1-2: Ball
2-2: Ball
3-2: SINGLE (Groundball, 34D)
Vicente Pueblo to second
Runner from 2nd tries for 3rd, SAFE, no throw
Batting: SHB Enrique Costello 0-0: Fielders Choice at 2nd, 4-6 (Groundball, 34)
Vicente Pueblo scores
Batting: RHB Miguel Silva 0-0: Foul Ball, location: 2F
0-1: Foul Ball, location: 2F
0-2: Ball
1-2: Ball
2-2: Foul Ball, location: 2F
2-2: Grounds into double play, 6-4-3 (Groundball, 6)
Bottom of the 2nd over - 1 run(s), 1 hit(s), 0 error(s), 0 left on base; Sunset District 1 - Pawnee 2
TOP OF THE 3RD
Sunset District Fog batting - Pitching for Pawnee ParksNRec : RHP Wally Copeland
Batting: RHB Vicente Rodríguez 0-0: Ball
1-0: Foul Ball, location: 2F
1-1: Ball
2-1: Ball
3-1: SINGLE (Line Drive, 4D)
Batting: RHB Reginald Kalkman 0-0: Foul Ball, location: 2F
0-1: Swinging Strike
0-2: Ball
1-2: Fly out, F9 (Flyball, 9)
Batting: RHB Yehonatan Chazan 0-0: Ball
1-0: Called Strike
1-1: Fly out, F9 (Flyball, 9S)
Batting: LHB Armando Carmona 0-0: Ball
1-0: Ball
2-0: Foul Ball, location: 2F
2-1: Foul Ball, location: 2F
2-2: Ball
3-2: Strikes out swinging
Top of the 3rd over - 0 run(s), 1 hit(s), 0 error(s), 1 left on base; Sunset District 1 - Pawnee 2
BOTTOM OF THE 3RD
Pawnee ParksNRec batting - Pitching for Sunset District Fog : RHP Rich Wright
Batting: RHB Rubén Alvarado 0-0: Called Strike
0-1: Swinging Strike
0-2: Ball
1-2: Foul Ball, location: 2F
1-2: SINGLE (Groundball, 56S) (infield hit)
Batting: RHB Britt Lynch 0-0: Swinging Strike
0-1: Foul Ball, location: 2F
0-2: Strikes out swinging
Batting: RHB Brant Thigpen 0-0: Ball
1-0: Ball
2-0: Foul Ball, location: 2F
2-1: Ball
3-1: Swinging Strike
3-2: Base on Balls
Rubén Alvarado to second
Batting: SHB Júlio Camacho 0-0: Ball
1-0: Ball
2-0: Called Strike
2-1: Swinging Strike
2-2: Ball
3-2: Strikes out looking
Batting: LHB Tom Benjamin 0-0: Ball
1-0: Foul Ball, location: 2F
1-1: SINGLE (Groundball, 34S) (infield hit)
Rubén Alvarado to third
Brant Thigpen to second
Batting: SHB Vicente Pueblo 0-0: Called Strike
0-1: Ball
1-1: SINGLE (Line Drive, 7LS)
Rubén Alvarado scores
Brant Thigpen to third
Tom Benjamin to second
Runner from 3rd tries for Home, SAFE, no throw
Batting: RHB Iván Rodríguez 0-0: Ball
1-0: Called Strike
1-1: Foul Ball, location: 2F
1-2: Fly out, F8 (Flyball, 8LS)
Bottom of the 3rd over - 2 run(s), 3 hit(s), 0 error(s), 2 left on base; Sunset District 1 - Pawnee 4
TOP OF THE 4TH
Sunset District Fog batting - Pitching for Pawnee ParksNRec : RHP Wally Copeland
Batting: RHB Alfonso Nazario 0-0: Called Strike
0-1: Ball
1-1: Ball
2-1: Ball
3-1: Base on Balls
Batting: LHB Enrique Vásquez 0-0: Ball
1-0: Called Strike
1-1: Foul Ball, location: 2F
1-2: Strikes out swinging
Batting: RHB José Vargas 0-0: Ball
1-0: Ball
2-0: Ground out 3-1 (Groundball, 2R)
Alfonso Nazario to second
Batting: RHB Armando Rodríguez 0-0: Called Strike
0-1: Called Strike
0-2: Ball
1-2: Strikes out swinging
Top of the 4th over - 0 run(s), 0 hit(s), 0 error(s), 1 left on base; Sunset District 1 - Pawnee 4
BOTTOM OF THE 4TH
Pawnee ParksNRec batting - Pitching for Sunset District Fog : RHP Rich Wright
Batting: SHB Enrique Costello 0-0: Ball
1-0: Ball
2-0: Ball
3-0: SINGLE (Groundball, 56D)
Pitching: RHP Rodrigo Sandoval
Batting: RHB Miguel Silva 0-0: Swinging Strike
0-1: Called Strike
0-2: Ball
1-2: Ball
2-2: Foul Ball, location: 2F
2-2: Ball
3-2: Foul Ball, location: 2F
3-2: Base on Balls
Enrique Costello to second
Batting: RHB Rubén Alvarado 0-0: Ball
1-0: Called Strike
1-1: Ball
2-1: Ball
Wild Pitch!
Enrique Costello to third
Miguel Silva to second
3-1: SINGLE (Line Drive, 4MD)
Enrique Costello scores
Miguel Silva to third
Batting: RHB Britt Lynch 0-0: Fly out, F9 (Flyball, 9S)
Batting: RHB Brant Thigpen 0-0: Ball
1-0: Swinging Strike
1-1: Ball
2-1: Fly out, F9 (Flyball, 9S)
Batting: SHB Júlio Camacho 0-0: Foul Ball, location: 2F
0-1: Ball
1-1: Fielders Choice at 2nd, 6-4 (Groundball, 6)
Bottom of the 4th over - 1 run(s), 2 hit(s), 0 error(s), 1 left on base; Sunset District 1 - Pawnee 5
TOP OF THE 5TH
Sunset District Fog batting - Pitching for Pawnee ParksNRec : RHP Wally Copeland
Batting: SHB Domingo Luna 0-0: Called Strike
0-1: Foul Ball, location: 2F
0-2: Ball
1-2: Fly out, F7 (Flyball, 7LMF)
Batting: RHB Vicente Rodríguez 0-0: Ball
1-0: Foul Ball, location: 2F
1-1: Ball
2-1: SINGLE (Groundball, 56D)
Batting: RHB Reginald Kalkman 0-0: Called Strike
0-1: Ground out 6-3 (Groundball, 6S)
Vicente Rodríguez to second
Batting: RHB Yehonatan Chazan 0-0: Fly out, F4 (Line Drive, 4)
Top of the 5th over - 0 run(s), 1 hit(s), 0 error(s), 1 left on base; Sunset District 1 - Pawnee 5
BOTTOM OF THE 5TH
Pawnee ParksNRec batting - Pitching for Sunset District Fog : RHP Rodrigo Sandoval
Batting: LHB Tom Benjamin 0-0: Foul Ball, location: 2F
0-1: Ball
1-1: Ball
2-1: Ball
3-1: Base on Balls
Batting: SHB Vicente Pueblo 0-0: Called Strike
0-1: Foul Ball, location: 2F
0-2: Ball
1-2: Ball
2-2: Fly out, F9 (Flyball, 9LS)
Batting: RHB Iván Rodríguez 0-0: Ball
1-0: SINGLE (Line Drive, 89S)
Tom Benjamin to second
Batting: SHB Enrique Costello 0-0: Ball
1-0: Ball
2-0: Called Strike
2-1: Swinging Strike
2-2: Grounds into double play, 3-6-3 (Groundball, 3)
Bottom of the 5th over - 0 run(s), 1 hit(s), 0 error(s), 1 left on base; Sunset District 1 - Pawnee 5
TOP OF THE 6TH
Sunset District Fog batting - Pitching for Pawnee ParksNRec : RHP Wally Copeland
Batting: LHB Armando Carmona 0-0: Ball
1-0: Ball
2-0: Ground out U3 (Groundball, 34)
Batting: RHB Alfonso Nazario 0-0: Called Strike
0-1: Swinging Strike
0-2: Ball
1-2: Ball
2-2: Ball
3-2: Foul Ball, location: 2F
3-2: Base on Balls
Batting: LHB Enrique Vásquez 0-0: Called Strike
0-1: Ball
1-1: Swinging Strike
1-2: Ball
2-2: Ball
3-2: Base on Balls
Alfonso Nazario to second
Batting: RHB José Vargas 0-0: Called Strike
0-1: Swinging Strike
0-2: Strikes out swinging
Batting: RHB Armando Rodríguez 0-0: Ball
1-0: Fly out, F8 (Flyball, 8RS)
Top of the 6th over - 0 run(s), 0 hit(s), 0 error(s), 2 left on base; Sunset District 1 - Pawnee 5
BOTTOM OF THE 6TH
Pawnee ParksNRec batting - Pitching for Sunset District Fog : RHP Rodrigo Sandoval
Batting: RHB Miguel Silva 0-0: Called Strike
0-1: Foul Ball, location: 2F
0-2: Foul Ball, location: 2F
0-2: Ball
1-2: SINGLE (Groundball, 5S) (infield hit)
Batting: RHB Rubén Alvarado 0-0: Bunted foul
0-1: Ball
1-1: Bunted foul
1-2: Ball
2-2: Ball
3-2: Base on Balls
Miguel Silva to second
Batting: RHB Britt Lynch 0-0: Ball
1-0: Sac Bunt - play at third, runner OUT! 1-5
Rubén Alvarado to second
Pitching: LHP Billy Mays
Batting: RHB Brant Thigpen 0-0: Ball
1-0: Ball
2-0: Foul Ball, location: 2F
2-1: Foul Ball, location: 2F
2-2: Ball
3-2: SINGLE (Flyball, 78S)
Rubén Alvarado to third
Britt Lynch to second
Rubén Alvarado scores
Britt Lynch to third
Batting: SHB Júlio Camacho 0-0: Foul Ball, location: 2F
0-1: Ball
1-1: Ball
2-1: Called Strike
2-2: Ball
3-2: Foul Ball, location: 2F
3-2: Fly out, F8 (Flyball, 8LM)
Runner from 3rd tags up, SCORES, throw made
Batting: LHB Tom Benjamin 0-0: Called Strike
0-1: Fly out, F9 (Flyball, 9)
Bottom of the 6th over - 2 run(s), 2 hit(s), 0 error(s), 1 left on base; Sunset District 1 - Pawnee 7
TOP OF THE 7TH
Sunset District Fog batting - Pitching for Pawnee ParksNRec : RHP Wally Copeland
Batting: SHB Domingo Luna 0-0: Ball
1-0: Foul Ball, location: 2F
1-1: Fly out, F8 (Line Drive, 8LM)
Batting: RHB Vicente Rodríguez 0-0: Foul Ball, location: 2F
0-1: Ball
1-1: Foul Ball, location: 2F
1-2: Ground out 1-3 (Groundball, 13)
Batting: RHB Reginald Kalkman 0-0: Swinging Strike
0-1: Ball
1-1: Foul Ball, location: 2F
1-2: Ground out 3-1 (Groundball, 34S)
Top of the 7th over - 0 run(s), 0 hit(s), 0 error(s), 0 left on base; Sunset District 1 - Pawnee 7
BOTTOM OF THE 7TH
Pawnee ParksNRec batting - Pitching for Sunset District Fog : LHP Billy Mays
Batting: SHB Vicente Pueblo 0-0: Foul Ball, location: 2F
0-1: Ground out 6-3 (Groundball, 6)
Batting: RHB Iván Rodríguez 0-0: Called Strike
0-1: Ball
1-1: Ground out 5-3 (Groundball, 56S)
Batting: SHB Enrique Costello 0-0: SINGLE (Groundball, 56S) (infield hit)
Batting: RHB Miguel Silva 0-0: 2-RUN HOME RUN (Flyball, 7D), Distance : 394 ft
Batting: RHB Rubén Alvarado 0-0: Called Strike
0-1: Ball
1-1: Foul Ball, location: 2F
1-2: Ball
2-2: Foul Ball, location: 2F
2-2: Fly out, F5 (Line Drive, 56)
Bottom of the 7th over - 2 run(s), 2 hit(s), 0 error(s), 0 left on base; Sunset District 1 - Pawnee 9
TOP OF THE 8TH
Sunset District Fog batting - Pitching for Pawnee ParksNRec : RHP Wally Copeland
Pitching: RHP Ángel Ruíz
Batting: RHB Yehonatan Chazan 0-0: Ball
1-0: Ball
2-0: Called Strike
2-1: Swinging Strike
2-2: Foul Ball, location: 2F
2-2: Strikes out swinging
Batting: LHB Armando Carmona 0-0: Ball
1-0: Ball
2-0: Swinging Strike
2-1: Ball
3-1: Base on Balls
Batting: RHB Alfonso Nazario 0-0: Ball
1-0: Called Strike
1-1: Foul Ball, location: 2F
1-2: Ball
2-2: Strikes out swinging
Batting: LHB Enrique Vásquez 0-0: Called Strike
0-1: Ball
1-1: Swinging Strike
1-2: Strikes out swinging
Top of the 8th over - 0 run(s), 0 hit(s), 0 error(s), 1 left on base; Sunset District 1 - Pawnee 9
BOTTOM OF THE 8TH
Pawnee ParksNRec batting - Pitching for Sunset District Fog : LHP Billy Mays
Batting: RHB Britt Lynch 0-0: Called Strike
0-1: Ball
1-1: Ball
2-1: Ball
3-1: Base on Balls
Batting: RHB Brant Thigpen 0-0: Ball
1-0: Called Strike
1-1: Foul Ball, location: 2F
1-2: Ball
2-2: Ball
3-2: Base on Balls
Britt Lynch to second
Batting: SHB Júlio Camacho 0-0: Ball
1-0: Ball
2-0: Foul Ball, location: 2F
2-1: Swinging Strike
2-2: Ball
3-2: Foul Ball, location: 2F
3-2: Foul Ball, location: 2F
3-2: Foul Ball, location: 2F
3-2: Strikes out swinging
Pitching: RHP John Sirica
Batting: LHB Tom Benjamin 0-0: Ball
1-0: Ball
2-0: 3-RUN HOME RUN (Flyball, 78XD), Distance : 420 ft
Batting: SHB Vicente Pueblo 0-0: Ball
1-0: Ball
2-0: Ball
3-0: Base on Balls
Batting: RHB Iván Rodríguez 0-0: Swinging Strike
0-1: Grounds into double play, 5-4-3 (Groundball, 56)
Bottom of the 8th over - 3 run(s), 1 hit(s), 0 error(s), 0 left on base; Sunset District 1 - Pawnee 12
TOP OF THE 9TH
Sunset District Fog batting - Pitching for Pawnee ParksNRec : RHP Ángel Ruíz
Batting: RHB José Vargas 0-0: Ball
1-0: Fly out, F8 (Flyball, 8LXD)
Batting: RHB Armando Rodríguez 0-0: Ball
1-0: Swinging Strike
1-1: Ball
2-1: Foul Ball, location: 2F
2-2: Strikes out swinging
Batting: SHB Domingo Luna 0-0: Ball
1-0: Called Strike
1-1: Ball
2-1: Ball
3-1: DOUBLE (Line Drive, 78D)
Batting: RHB Vicente Rodríguez 0-0: Ball
1-0: Ball
2-0: Fly out, F6 (Popup, 56D)
Top of the 9th over - 0 run(s), 1 hit(s), 0 error(s), 1 left on base; Sunset District 1 - Pawnee 12
Wednesday, September 6th, 2017 - OOTP Baseball 17.12 Build 75